 Dungeon Crawl Stone Soup version 0.28.0-1-gb440e238dd (webtiles) character file.

Game seed: 13358996347483996861

28 spaghetti the Sneak (level 3, -4/26 HPs)
             Began as an Octopode Delver on Feb 20, 2022.
             Was an Initiate of Uskayaw.
             Slain by a gnoll (6 damage)
             ... on level 5 of the Dungeon.
             The game lasted 00:01:28 (447 turns).

spaghetti the Sneak (Octopode Delver)                Turns: 447, Time: 00:01:29

Health: -4/26      AC:  1    Str: 13    XL:     3   Next: 12%
Magic:  3/3        EV: 13    Int: 12    God:    Uskayaw [......]
Gold:   0          SH:  0    Dex: 13    Spells: 2/2 levels left

rFire   . . .      SeeInvis .   a - +0 falchion
rCold   . . .      Faith    .   (no shield)
rNeg    . . .      Spirit   .   (helmet restricted)
rPois   .          Reflect  .   (no amulet)
rElec   .          Harm     .   (no ring)
rCorr   .          Rampage  .   (no ring)
Will    .....                   (no ring)
Stlth   ++++......              (no ring)
HPRegen 0.08/turn               (no ring)
MPRegen 0.08/turn               (no ring)
                                (no ring)
                                (no ring)

@: no status effects
A: almost no armour, amphibious, 8 rings, camouflage 1, gelatinous body 1,
(nimble swimmer 1), tentacles
a: Renounce Religion


You were on level 5 of the Dungeon.
You worshipped Uskayaw.
Uskayaw was noncommittal.
You visited 2 branches of the dungeon, and saw 2 of its levels.

Inventory:

Hand Weapons
 a - a +0 falchion (weapon)
Wands
 f - a wand of digging (2)
Scrolls
 b - a scroll of fog


   Skills:
 - Level 3.0 Fighting
 + Level 3.5 Long Blades
 - Level 2.0 Dodging
 - Level 6.6 Stealth


You had 2 spell levels left.
You didn't know any spells.
Your spell library was empty.

Dungeon Overview and Level Annotations

Branches:
Dungeon (5/15)             Temple (1/1) D:5

Altars:
Ashenzari
Cheibriados
Hepliaklqana
Kikubaaqudgha
Nemelex Xobeh
Trog
Uskayaw
Yredelemnul
Zin

Annotations:
D:5 Blork the orc


Innate Abilities, Weirdness & Mutations

You cannot wear most types of armour.
You are amphibious.
You can wear up to eight rings at the same time.
Your skin changes colour to match your surroundings (Stealth+).
Your rubbery body absorbs attacks. (AC +1, EV +1)
((You are camouflaged when in or above water. (Stealth+)))
You have tentacles for arms and can constrict up to eight enemies at once.


Message History

Found a hazy altar of Hepliaklqana.
There is an open door here.
There is an open door here.
You open the door.
Found a sparkling altar of Nemelex Xobeh.
There is an open door here.
Done exploring.
Done exploring.
Done exploring.
Search for what [? for help]? .
There is an open door here.
You open the door.
There is an open door here.
There is a staircase back to the Dungeon here.
You open the door.
There is an open door here.
There is an open door here.
There is a hide-covered altar of Uskayaw here.
You curl up in front of the altar of Uskayaw.
Uskayaw welcomes you!
Unknown command.
Press < or > to pray at altars.
(D) Dungeon (T) Temple
Where to? (Enter - Temple @ (x,y), ? - help)
There is an open door here.
There is an open door here.
There is a staircase back to the Dungeon here.
You climb upwards.
Level annotation: Blork the orc The gnoll hits you with a +0 flail!
The gnoll hits you from afar with a +0 spear.
The gnoll closely misses you. The gnoll hits you with a +0 flail!
* * * LOW HITPOINT WARNING * * *
There is a staircase to the Ecumenical Temple, spattered with blood here.
Okay, then.
You aren't carrying any potions.
There is a fountain of clear blue water here.
The gnoll completely misses you. The gnoll closely misses you.
The gnoll hits you with a +0 spear.
You die...

,,,,,,,,,,,,,,,,,,,,>,,,,* **
**********......,.....,,,* *,
*,....,,....#,*********,
*,,...,,....#,,,,,,,,,,,
************#..,,....#,*********,
,,,,,,,,,,###'###..).#,* *,
**********#..g..#...,*,* *,
###.⌠.⌠g#.#*,*** *,
#.'..>g.@.#*,* *, #.#.⌠.⌠g###*,*
****, *****,#.....# *,* *,,,,
*,,,,,###+###***,* *,***
*,,,,,,,#Z..#,**,* *,*
*,,,,,,,##..#,**,* *,*
*,,,,,,,*#..#,#*,* *,*
*******,*#..#.#*,* *,*
*,*#....#*,** *,*


You could see 4 gnolls.

Vanquished Creatures
  A jelly (D:5)
1 creature vanquished.

Notes
Turn   | Place    | Note
-------+----------+-------------------------------------------
     0 | D:5      | spaghetti the Octopode Delver began the quest for the Orb.
     0 | D:5      | Reached XP level 1. HP: 16/16 MP: 1/1
     3 | D:5      | Noticed Blork the orc
    21 | D:5      | Noticed a scorpion
    23 | D:5      | Noticed an ogre
    25 | D:5      | Noticed a jelly
    30 | D:5      | Killed a jelly
    31 | D:5      | Reached XP level 2. HP: 4/21 MP: 2/2
    31 | D:5      | Reached XP level 3. HP: 5/26 MP: 3/3
    46 | D:5      | Found a staircase to the Ecumenical Temple.
    90 | Temple   | Entered the Ecumenical Temple
   433 | Temple   | Became a worshipper of Uskayaw the Reveller
   447 | D:5      | Slain by a gnoll

Illustrated notes

Levels and vault maps discovered:
D:5:      layout_basic, fedhas_altar_2, minmay_temple_entry_hall,
          skrybe_limestone_x, uniq_blork_the_orc
Temple:   nicolae_temple_figure_zero

Skill      XL: |  1 |
---------------+----+-----
Long Blades    | 3 |  3.5
Fighting       | |  3.0
Dodging        | |  2.0
Stealth        | |  6.6

Action                   || total
-------------------------++-------
Melee: Falchion          ||     3
Evoke: Wand              ||     1
  Use: Scroll            ||     3
       Potion            ||     1
 Stab: Sleeping          ||     1
Dodge: Dodged            ||     7
